 Dungeon Crawl Stone Soup version 0.30-b1-5-g8e6c1be481 (webtiles) character file.

Game seed: 98783958420657523

380 Mysteryquy the Chopper (level 6, -3/56 HPs)
             Began as a Minotaur Berserker on May 4, 2023.
             Was a Believer of Trog.
             Slain by a black bear (4 damage)
             ... on level 4 of the Dungeon.
             The game lasted 00:02:46 (2173 turns).

Mysteryquy the Chopper (Minotaur Berserker)         Turns: 2173, Time: 00:02:48

Health: -3/56      AC:  3    Str: 24    XL:     6   Next: 46%
Magic:  5/5        EV: 11    Int:  4    God:    Trog [**....]
Gold:   138        SH:  7    Dex:  9    Spells: 5/5 levels left

rFire   . . .        a - +0 hand axe
rCold   . . .        f - +0 kite shield
rNeg    . . .        b - +0 animal skin
rPois   .            (helmet restricted)
rElec   .            k - +0 cloak
rCorr   .            (no gloves)
SInv    .            (no boots)
Will    ++...        (no amulet)
Stlth   +            (no ring)
HPRegen 1.29/turn    (no ring)
MPRegen 0.09/turn

%: no passive effects
@: strong-willed, on berserk cooldown, regenerating, slowed, very slow
A: horns 2, retaliatory headbutt
a: Renounce Religion, Berserk, Trog's Hand


You were on level 4 of the Dungeon.
You worshipped Trog.
Trog was pleased with you.
You visited 1 branch of the dungeon, and saw 4 of its levels.

You collected 138 gold pieces.

Inventory:

Hand Weapons
 a - a +0 hand axe (weapon)
Missiles
 j - a throwing net (quivered)
 l - 3 curare-tipped darts
Armour
 b - a +0 animal skin (worn)
 f - a +0 kite shield (worn)
 k - a +0 cloak (worn)
Wands
 o - a wand of flame (40)
 s - a wand of digging (8)
Scrolls
 c - a scroll of vulnerability {unknown}
 g - a scroll of amnesia {unknown}
 n - a scroll of enchant armour {unknown}
 q - a scroll of identify {unknown}
 t - 3 scrolls of acquirement {unknown}
 u - a scroll of fear {unknown}
 w - a scroll of teleportation {unknown}
Potions
 d - 3 potions of curing {unknown}
 e - 2 potions of lignification {unknown}
 h - 2 potions of berserk rage {unknown}
 i - 2 potions of heal wounds {unknown}
 m - a potion of degeneration {unknown}
 p - a potion of brilliance {unknown}
 r - a potion of magic {unknown}
 v - 2 potions of might {unknown}


   Skills:
 + Level 5.1 Fighting
 + Level 6.7 Axes
 + Level 2.5 Armour
 + Level 3.3 Dodging
 + Level 0.8 Stealth
 + Level 2.4 Shields


You had 5 spell levels left.
You didn't know any spells.
Your spell library was empty.

Dungeon Overview and Level Annotations

Branches:
Dungeon (4/15)
 Temple: D:4-7

Altars:


Innate Abilities, Weirdness & Mutations

You have a pair of horns on your head.
You reflexively headbutt those who attack you in melee.


Message History

Trog accepts your kill.
You feel sick.
A black bear comes into view.
Found a stone staircase leading down.
You feel sick.
The black bear growls angrily.
Items here: ) / [ †.
You feel a strong urge to attack something.
You feel sick.
Things that are here:
a +0 trident; a +0 leather armour; an orc corpse You are no longer berserk.
You are exhausted.
You feel yourself slow down.
* * * LOW HITPOINT WARNING * * *
You feel sick.
* * * LOW HITPOINT WARNING * * *
You feel sick.
* * * LOW HITPOINT WARNING * * *
You feel sick.
* * * LOW HITPOINT WARNING * * *
You feel sick.
You are no longer poisoned.
Your skin crawls.
You feel strong-willed.
You block the black bear's attack. x2; The black bear claws you.
* * * LOW HITPOINT WARNING * * *
You're still recovering from your berserk rage.
You hit the black bear.
The black bear is lightly wounded.
The black bear bites you.
* * * LOW HITPOINT WARNING * * *
The black bear claws you but does no damage.
The black bear claws you.
* * * LOW HITPOINT WARNING * * *
The black bear bites you.
* * * LOW HITPOINT WARNING * * *
The black bear claws you.
* * * LOW HITPOINT WARNING * * *
The black bear claws you.
You die...

.## ##..# ##
#..# # ##.##
#..# #..##
##..# #..##
##.)#########
##...h@.......
##...##########
##...## ##)..##
##...##
##.....##
##..))...#
#....)...#
.....)......#


You could see a black bear.

Vanquished Creatures
  Sigmund (D:3)
  A scorpion (D:4)
  Jessica (D:2)
  Ijyb (D:4)
  An adder (D:2)
  2 worms (D:3)
  8 orcs
  10 endoplasms
  2 giant cockroaches
  8 goblins
  10 hobgoblins
  11 jackals
  2 quokkas
  2 ball pythons (D:1)
  8 bats
  2 frilled lizards
  5 kobolds
  9 rats
84 creatures vanquished.

Notes
Turn   | Place    | Note
-------+----------+-------------------------------------------
     0 | D:1      | Mysteryquy the Minotaur Berserker began the quest for the
                  | Orb.
     0 | D:1      | Reached XP level 1. HP: 19/19 MP: 0/0
   192 | D:1      | Reached XP level 2. HP: 26/27 MP: 1/1
   194 | D:1      | Reached skill level 4 in Axes
   475 | D:1      | Reached XP level 3. HP: 29/33 MP: 2/2
   552 | D:1      | Reached ** piety under Trog
  1266 | D:2      | Noticed Jessica
  1271 | D:2      | Killed Jessica
  1272 | D:2      | Reached skill level 5 in Axes
  1272 | D:2      | Reached XP level 4. HP: 39/41 MP: 3/3
  1466 | D:3      | Noticed Sigmund
  1475 | D:3      | Killed Sigmund
  1476 | D:3      | Reached skill level 6 in Axes
  1476 | D:3      | Reached XP level 5. HP: 30/47 MP: 4/4
  1572 | D:3      | Reached XP level 6. HP: 54/55 MP: 5/5
  1575 | D:3      | Reached skill level 5 in Fighting
  2073 | D:3      | Reached *** piety under Trog
  2151 | D:4      | Noticed Ijyb
  2161 | D:4      | Killed Ijyb
  2166 | D:4      | HP: 2/56 [poisoned by a scorpion]
  2173 | D:4      | HP: 2/56 [black bear (1)]
  2173 | D:4      | Slain by a black bear

Illustrated notes

Levels and vault maps discovered:
D:1:      nzn_arrival_crosshair, layout_loops_corners
D:2:      layout_rooms, kennysheep_minor_cross, uniq_jessica
D:3:      layout_loops_ring, minmay_goblin_kobold_house, uniq_sigmund
D:4:      layout_cave_pods, nemelex_diamond_rough_becter, uniq_ijyb

Skill      XL: |  1  2  3  4  5  6 |
---------------+-------------------+-----
Axes           | 4 5 6 |  6.7
Fighting       | 4 5 |  5.1
Dodging        | 3 |  3.3
Shields        | 2 |  2.4
Armour         | |  2.5
Stealth        | |  0.8

Action                     |  1- 3 |  4- 6 || total
---------------------------+-------+-------++-------
  Melee: Hand axe          |    90 |    70 ||   160
         Headbutt          |    11 |    11 ||    22
 Invoke: Berserk           |       |     2 ||     2
         Trog's Hand       |       |     1 ||     1
 Armour: Animal skin       |    24 |     9 ||    33
  Dodge: Dodged            |    44 |    33 ||    77
  Block: Kite shield       |    24 |    26 ||    50
